 Dungeon Crawl Stone Soup version 0.22.1-1-ga44c0e5 (webtiles) character file.

76 Starchild the Vexing (level 4, 0/48 HPs)
             Began as a Formicid Arcane Marksman on Oct 8, 2018.
             Succumbed to an adder's poison
             ... on level 2 of the Dungeon.
             The game lasted 00:13:19 (3618 turns).

Starchild the Vexing (Formicid Arcane Marksman)     Turns: 3618, Time: 00:13:20

Health: 0/48       AC: 22    Str: 14    XL:     4   Next: 57%
Magic:  3/5        EV:  2    Int: 14    God:
Gold:   74         SH:  3    Dex: 11    Spells: 2/5 levels left

rFire    . . .     SeeInvis .   j - -3 dagger (curse)
rCold    . . .     Gourm    .   f - +0 buckler
rNeg     + + +     Faith    .   (armour currently unavailable)
rPois    +         Spirit   .   (helmet unavailable)
rElec    .         Reflect  .   (cloak currently unavailable)
rCorr    .         Harm     .   (gloves currently unavailable)
MR       .....                  (boots currently unavailable)
Stlth    +.........             (no amulet)
HPRegen  0.16/turn              (no ring)
MPRegen  0.09/turn              (no ring)

@: lethally poisoned (0 -> -3), tree-form, starving
A: permanent stasis, dig shafts and tunnels, four strong arms
a: no special abilities


You were on level 2 of the Dungeon.
You were starving.
You were a tree.
You visited 1 branch of the dungeon, and saw 2 of its levels.

You collected 74 gold pieces.

Inventory:

Hand Weapons
 a - a +0 hunting sling
 j - a cursed -3 dagger (weapon)
Missiles
 b - 39 stones (quivered)
 d - 15 sling bullets
Armour
 e - a +0 robe (melded)
 f - a +0 buckler (worn)
 k - a +2 cloak (melded)
 m - a cursed +0 pair of gloves (melded)
Jewellery
 o - a cursed ring of teleportation {unknown}
Scrolls
 c - a scroll of identify
 h - a scroll of teleportation
 i - a scroll of amnesia
Potions
 g - a potion of lignification
 l - a potion of mutation {unknown}
 n - a potion of curing {unknown}


   Skills:
 - Level 1.1 Fighting
 - Level 3.8 Slings
 - Level 1.7 Dodging
 * Level 0.8 Shields
 - Level 1.1 Spellcasting
 + Level 4.8 Hexes


You had 2 spell levels left.
You knew the following spells:

 Your Spells              Type           Power        Failure   Level  Hunger
a - Corona                Hex            ##.....      4%          1    ##.....
b - Slow                  Hex            ##......     8%          2    ###....

Your spell library contained the following spells:

 Spells                   Type           Power        Failure   Level  Hunger
 Inner Flame              Hex/Fire       #.......     36%         3    ####...
 Portal Projectile        Hex/Tloc       #.....       36%         3    ####...
 Cause Fear               Hex            ##........   45%         4    #####..
 Leda's Liquefaction      Hex/Erth       #.........   78%         4    #####..


Dungeon Overview and Level Annotations

Branches:
Dungeon (2/15)

Altars:
Vehumet
The Shining One


Innate Abilities, Weirdness & Mutations

You cannot be hasted, slowed, berserked, paralysed or teleported.
You can dig through walls and to a lower floor.
Your four strong arms can wield two-handed weapons with a shield.
((You have a pair of large antennae on your head. (SInv)))


Message History

Aim: an adder (moderately wounded)
You throw a stone. The stone hits the adder.
The adder is heavily wounded.
The adder bites you but does no damage.
Throwing (i - inventory)
b - 41 stones (quivered)
Press: ? - help, Shift-Dir - straight line, f/p - adder
Aim: an adder (heavily wounded)
You throw a stone. The stone misses the adder.
* * * LOW HITPOINT WARNING * * *
You feel sick. The adder barely misses you. x2
Throwing (i - inventory)
b - 40 stones (quivered)
Press: ? - help, Shift-Dir - straight line, f/p - adder
Aim: an adder (heavily wounded)
You throw a stone. The stone misses the adder.
The adder bites you but does no damage.
It was a potion of lignification.
You turn into a tree.
Your +2 cloak melds into your body.
Your cursed +0 pair of gloves melds into your body.
Your +0 robe melds into your body.
Your roots penetrate the ground.
You die...

.....♣.♣ P.♣P..
##......♣♣♣♣..♣..
.......P♣♣..P.P
#.#.##....P♣.P.♣♣
##..#.....PP.♣♣{P♣§
##..###.......♣♣♣P§♣
##.r##.##...#....♣§P♣
##..#S...##.{####w.... #
###..##♣.⌠..##.{###.####
#.#...##..⌠.⌠..##r..#..#
#...###..⌠._.⌠..###w...#
###...##..⌠.⌠..##......#
###..##..⌠..##.....###
##r.##...##....###
##..##.##w...##
##..###....##
##..#.r..##


You could see a worm, an adder and a rat.

Vanquished Creatures
  2 oozes (D:1)
  2 dart slugs (D:1)
  3 leopard geckos
  A ball python (D:2)
  3 bats
  3 giant cockroaches
  3 goblins
  15 hobgoblins
  3 quokkas (D:2)
  A frilled lizard (D:1)
  12 kobolds
  5 rats
53 creatures vanquished.

Vanquished Creatures (others)
  A plant (D:2)
1 creature vanquished.

Grand Total: 54 creatures vanquished

Notes
Turn   | Place    | Note
-------+----------+-------------------------------------------
     0 | D:1      | Starchild the Formicid Arcane Marksman began the quest for
                  | the Orb.
     0 | D:1      | Reached XP level 1. HP: 15/15 MP: 2/2
   141 | D:1      | Reached XP level 2. HP: 21/21 MP: 3/3
   180 | D:1      | Learned a level 2 spell: Slow
   348 | D:1      | Reached skill level 4 in Hexes
   563 | D:1      | Reached XP level 3. HP: 26/26 MP: 4/4
  1781 | D:2      | Reached XP level 4. HP: 9/32 MP: 3/5
  3517 | D:2      | Found a radiant altar of Vehumet.
  3571 | D:2      | Found a glowing golden altar of the Shining One.
  3616 | D:2      | HP: 1/32 [poisoned by an adder]
  3618 | D:2      | Succumbed to an adder's poison

Skill      XL: |  1  2 |
---------------+-------+-----
Hexes          | 4 |  4.8
Slings         | 3 |  3.8
Fighting       | |  1.1
Dodging        | |  1.7
Shields        | |  0.8
Spellcasting   | |  1.1

Action                   |  1- 3 |  4- 6 || total
-------------------------+-------+-------++-------
Melee: Dagger            |   108 |   282 ||   390
 Fire: Hunting sling     |    66 |       ||    66
Throw: Stone             |    11 |    16 ||    27
 Cast: Corona            |     7 |    42 ||    49
       Slow              |     4 |     4 ||     8
  Use: Scroll            |     2 |       ||     2
       Potion            |       |     1 ||     1
 Stab: Sleeping          |     1 |       ||     1
  Eat: Chunk             |     1 |     5 ||     6
       Ration            |     1 |       ||     1
Armor: Robe              |    23 |    93 ||   116
Dodge: Dodged            |    67 |   151 ||   218
Block: Buckler           |       |    38 ||    38
